AoeStats
← THL

Arena

508422668Analyzed
2v2 RM · 9d ago on Sep 22, 2026· 42m 36s· 4 players
Game mode
Random Map
Map size
Medium (4 player)
Population
200
Speed
Normal
Resources
Standard
Victory
Conquest
Starting age
Dark Age
Ending age
Imperial Age
RankedLock teamsTeams togetherTeam positionsShared explorationLock speedFull tech treeHidden civsTurbo modeCheats
Victory
Defeat
🇹🇷 Khmer · Türkiye
1421
+16
🇦🇷 Aztecs · Argentina
1356
+18
🇻🇳 Spanish · Vietnam
1556
-23
🇹🇼 Teutons · Taiwan
1258
-11
Brutalitops
10:30 Feudal Age
15:13 Castle Age
13:40 Double-Bit Axe
15:09 Horse Collar
15:19 Light Cavalry
16:29 Town Watch
19:22 Fervor
19:28 Loom
20:19 Wheelbarrow
21:59 Bow Saw
23:34 Gold Mining
26:24 Sanctity
31:05 Imperial Age
32:29 Hand Cart
32:56 Conscription
33:53 Chemistry
33:26 Bloodlines
33:17 Husbandry
35:04 Ballistics
35:46 Double Crossbow
36:17 Heavy Scorpion
38:12 Siege Engineers
39:09 Hussar
42:50 Scale Barding Armor
42:56 Forging
Danfi
8:39 Loom
10:50 Feudal Age
11:52 Town Watch
14:14 Fletching
22:07 Castle Age
21:30 Horse Collar
23:15 Double-Bit Axe
25:07 Fervor
25:18 Sanctity
28:35 Gold Mining
30:01 Devotion
31:47 Atonement
38:06 Imperial Age
36:39 Bodkin Arrow
38:23 Herbal Medicine
39:53 Block Printing
40:20 Ballistics
40:34 Bow Saw
43:07 Illumination
43:11 Redemption
8757
7:03 Loom
9:43 Feudal Age
10:48 Double-Bit Axe
11:18 Fletching
16:17 Town Watch
25:13 Castle Age
24:38 Stone Mining
24:34 Horse Collar
26:01 Man-at-Arms
26:45 Scale Mail Armor
26:56 Forging
27:00 Bow Saw
26:52 Gold Mining
27:27 Long Swordsman
33:41 Wheelbarrow
34:32 Scale Barding Armor
38:57 Imperial Age
37:08 Chain Barding Armor
37:50 Iron Casting
37:49 Bloodlines
38:04 Bodkin Arrow
38:32 Heavy Plow
39:34 Masonry
39:02 Cavalier
40:37 Ballistics
42:00 Plate Barding Armor
THL
10:53 Feudal Age
14:48 Castle Age
14:13 Double-Bit Axe
14:32 Loom
16:58 Bow Saw
23:56 Wheelbarrow
25:08 Husbandry
26:29 Town Watch
27:29 Bloodlines
29:49 Horse Collar
35:20 Imperial Age
37:03 Chemistry
36:09 Padded Archer Armor
36:02 Gold Mining
37:03 Conscription
39:02 Two-Man Saw
38:20 Leather Archer Armor
Connection lost

Rejoining the realm…

Still unreachable

The connection could not be restored.

Session expired

The server has moved on; the page needs a fresh start.